 Dungeon Crawl Stone Soup version 0.29.1-15-g9cfb28693d (webtiles) character file.

Game seed: 9260114434727462781

6688 Garmo the Grappler (level 10, -11/110 HPs)
             Began as a Troll Berserker on Mar 24, 2023.
             Was an Elder of Trog.
             Mangled by an orc warlord
             ... wielding a +5 broad axe
              (35 damage)
             ... in a bailey.
             The game lasted 00:23:40 (6695 turns).

Garmo the Grappler (Troll Berserker)                Turns: 6695, Time: 00:23:40

Health: -11/110    AC:  9    Str: 27    XL:     10   Next: 73%
Magic:  9/9        EV: 10    Int: 13    God:    Trog [****..]
Gold:   550        SH:  5    Dex:  9    Spells: 9/9 levels left

rFire   . . .      SeeInvis .     - Unarmed
rCold   . . .      Faith    .   (no shield)
rNeg    . . .      Spirit   .   K - +2 robe {Will+}
rPois   .          Reflect  +   (helmet restricted)
rElec   .          Harm     .   H - +2 cloak {rCorr}
rCorr   +          Rampage  .   (gloves unavailable)
Will    +....                   (boots unavailable)
Stlth   +.........              e - amulet of reflection
HPRegen 1.08/turn               i - +6 ring of intelligence
MPRegen 0.11/turn               (no ring)

@: no status effects
A: large, unfitting armour, claws 3, regeneration 1, shaggy fur 1, tough skin 1
a: Renounce Religion, Berserk, Trog's Hand, Brothers in Arms


You were in a bailey.
You worshipped Trog.
Trog was greatly pleased with you.
You visited 2 branches of the dungeon, and saw 10 of its levels.
You also visited: Bailey.

You collected 720 gold pieces.
You spent 170 gold pieces at shops.

Inventory:

Missiles
 d - 17 boomerangs (quivered)
 k - 87 stones
 q - 2 large rocks
 B - 2 silver javelins
 C - 3 silver boomerangs
 E - 4 poisoned darts
Armour
 y - a +0 buckler
   (You found it on level 4 of the Dungeon)
 H - a +2 cloak of preservation (worn)
   (You took it off Maurice on level 8 of the Dungeon)
 K - a +2 robe of willpower (worn)
   (You took it off Erica on level 8 of the Dungeon)
Jewellery
 c - a ring of ice
   (You found it on level 7 of the Dungeon)
 e - an amulet of reflection (around neck)
   (You found it on level 4 of the Dungeon)
 i - a +6 ring of intelligence (left claw)
   (You found it on level 1 of the Dungeon)
 A - a ring of fire
   (You found it on level 4 of the Dungeon)
Wands
 t - a wand of flame (15)
   (You took it off Maurice on level 8 of the Dungeon)
 D - a wand of polymorph (13)
   (You found it on level 5 of the Dungeon)
Scrolls
 a - 3 scrolls of fear
 b - a scroll of magic mapping
 g - 4 scrolls of immolation {!r}
 h - a scroll of identify {@r1}
 l - 3 scrolls of butterflies
 n - a scroll of enchant armour {unknown}
 u - a scroll of torment {unknown}
 v - a scroll of silence {unknown}
 z - 2 scrolls of poison {!r}
 I - a scroll of blinking {unknown}
 J - a scroll of summoning {unknown}
 L - a scroll of teleportation {@r4}
 M - a scroll of brand weapon {unknown}
Potions
 f - 7 potions of curing {@q1}
 m - a potion of mutation {!q}
 o - 4 potions of lignification {!q}
 p - 3 potions of might {unknown}
 r - 4 potions of haste {@q3}
 s - a potion of flight
 w - a potion of invisibility
 x - 2 potions of heal wounds {@q2}
 F - 2 potions of cancellation
 G - a potion of berserk rage {unknown}
 N - a potion of magic {unknown}


   Skills:
 + Level 10.2 Fighting
 + Level 0.4 Throwing
 - Level 2.4 Dodging
 + Level 0.3 Shields
 - Level 12.0 Unarmed Combat


You had 9 spell levels left.
You didn't know any spells.
Your spell library was empty.

Dungeon Overview and Level Annotations

Branches:
Dungeon (9/15) Zot: 26951  Temple (1/1) D:5 Zot: 5964    Lair (0/5) D:8
 Bailey (1/1) Zot: 5596
    Orc: D:9-12

Altars:
Ashenzari
Cheibriados
Dithmenos
Elyvilon
Fedhas
Gozag
Hepliaklqana
Kikubaaqudgha
Makhleb
Nemelex Xobeh
Okawaru
Qazlal
Ru
Sif Muna
Trog
Uskayaw
Vehumet
Wu Jian
Xom
Yredelemnul
Zin
The Shining One

Shops:
D:4 !


Innate Abilities, Weirdness & Mutations

You are too large for most types of armour.
You have claws for hands.
Your natural rate of healing is unusually fast.
You are covered in fur. (AC +1)
You have tough skin. (AC +1)


Message History

The sling bullet barely misses you. Something hits your ogre!!
Your ogre hits the orc warlord with a +0 giant spiked club!!!
The orc warlord unwields a +5 broad axe.
The orc warlord wields a +2 sling of flaming.
It bursts into flame!
The orc warlord shoots a sling bullet.
The sling bullet hits your ogre! The sling bullet burns your ogre.
You see here a kobold skeleton.
Your ogre closely misses the orc warlord.
Your ogre barely misses the orc warlord.
The orc warlord unwields a +2 sling of flaming.
It stops flaming.
The orc warlord wields a +5 broad axe.
You block the orc warlord's attack.
The orc warlord hits your ogre with a +5 broad axe!
Your ogre dies!
Your ogre's corpse disappears in a puff of smoke!
You scratch the orc warlord but do no damage.
The orc warlord hits you with a +5 broad axe.
Unknown command.
You mangle the orc warlord!! Your claw misses the orc warlord.
You block the orc warlord's attack.
Unknown command.
You barely miss the orc warlord. You block the orc warlord's attack.
Unknown command.
You scratch the orc warlord but do no damage.
Unknown command.
You scratch the orc warlord.
The orc warlord hits you with a +5 broad axe!!!
* * * LOW HITPOINT WARNING * * *
You feel much better.
The orc warlord hits you with a +5 broad axe.
* * * LOW HITPOINT WARNING * * *
Aim: an orc warlord, wielding a +5 broad axe and wearing a +0 chain mail (almost dead, 77% to hit)
The puff of flame hits the orc warlord but does no damage.
The orc warlord hits you with a +5 broad axe!!
* * * LOW HITPOINT WARNING * * *
You feel much better.
The orc warlord hits you with a +5 broad axe!!
* * * LOW HITPOINT WARNING * * *
You feel much better.
The orc warlord hits you with a +5 broad axe!!
* * * LOW HITPOINT WARNING * * *
You barely miss the orc warlord. The orc warlord barely misses you.
You barely miss the orc warlord.
The orc warlord hits you with a +5 broad axe!!
* * * LOW HITPOINT WARNING * * *
Okay, then.
You feel much better.
The orc warlord hits you with a +5 broad axe!!
You die...

#..........).†...'....8
#...8......#########...
##......####~~~#~~~##..
##..)÷)#~~#~.....:~#..
##.÷.)#~........?~#..
#..÷##~8.8...8.8##..
#...'~~.........#...
#...'~~....∩....#...
#..@o)~.(.......#...
#...##~8.8...8.8##..
##..÷.#~........!~#..
##.....#~~#~......~#..
##......####~~~#~~~##))
#...8......#########...
#..........'..)).'....8
#..........#~~~~~#.....
##..8..8...#~~~)~#..)..


You could see an orc warlord.

Vanquished Creatures
  Erica (D:8)
  A two-headed ogre (D:6)
  Pikel (D:6)
  An elephant (D:8)
  Maurice (D:8)
  A wyvern (D:9)
  5 yaks
  A basilisk (D:8)
  4 ice beasts
  7 orc warriors
  2 black bears
  A sky beast (D:8)
  An ogre (D:3)
  6 centaurs
  2 lemures (D:5)
  2 phantoms
  A kobold brigand (D:8)
  2 necrophages
  2 bullfrogs
  A gnoll sergeant (D:7)
  2 scorpions
  3 wights (D:7)
  2 howler monkeys (D:8)
  6 hounds
  4 orc priests
  A gnoll bouda (D:4)
  5 iguanas
  7 gnolls
  7 adders
  3 shadow imps
  2 white imps
  An ufetubus (D:5)
  A worm (D:4)
  2 dart slugs (D:1)
  20 orcs
  8 endoplasms
  3 giant cockroaches
  9 goblins
  10 hobgoblins
  5 jackals (D:1)
  3 quokkas
  12 ball pythons
  3 bats
  6 frilled lizards
  22 kobolds
  2 rats
192 creatures vanquished.

Vanquished Creatures (others)
  An orc wizard (D:8)
  4 fungi (D:6)
  6 plants
11 creatures vanquished.

Grand Total: 203 creatures vanquished

Notes
Turn   | Place    | Note
-------+----------+-------------------------------------------
     0 | D:1      | Garmo the Troll Berserker began the quest for the Orb.
     0 | D:1      | Reached XP level 1. HP: 22/22 MP: 0/0
   202 | D:1      | Reached XP level 2. HP: 27/29 MP: 1/1
   478 | D:1      | Reached XP level 3. HP: 35/37 MP: 2/2
   554 | D:1      | Reached ** piety under Trog
   828 | D:2      | Found Faomoth's Magic Scroll Emporium.
  1152 | D:3      | Reached skill level 4 in Unarmed Combat
  1171 | D:3      | Reached XP level 4. HP: 38/45 MP: 3/3
  1356 | D:3      | Noticed an ogre
  1359 | D:3      | Killed an ogre
  1360 | D:3      | Reached skill level 5 in Unarmed Combat
  1360 | D:3      | Reached XP level 5. HP: 54/54 MP: 4/4
  1417 | D:3      | Found a faded altar of an unknown god.
  2062 | D:4      | Found Pytif's Distillery.
  2082 | D:4      | Reached XP level 6. HP: 54/63 MP: 5/5
  2095 | D:4      | Bought a potion of invisibility for 80 gold pieces
  2095 | D:4      | Bought a potion of curing for 30 gold pieces
  2095 | D:4      | Bought a potion of heal wounds for 50 gold pieces
  2095 | D:4      | Bought a potion of degeneration for 10 gold pieces
  2192 | D:4      | Reached *** piety under Trog
  2536 | D:4      | Reached skill level 5 in Fighting
  2536 | D:4      | Reached skill level 6 in Unarmed Combat
  2538 | D:4      | Reached XP level 7. HP: 48/72 MP: 6/6
  2778 | D:5      | Entered Level 5 of the Dungeon
  3087 | D:5      | Found a hazy altar of Hepliaklqana.
  3195 | D:5      | Found a staircase to the Ecumenical Temple.
  3206 | Temple   | Entered the Ecumenical Temple
  3206 | Temple   | Found a transporter.
  3206 | Temple   | Found a transporter.
  3208 | Temple   | Found a transporter.
  3208 | Temple   | Found a transporter.
  3367 | D:5      | Reached skill level 7 in Unarmed Combat
  3793 | D:6      | Reached XP level 8. HP: 46/83 MP: 7/7
  3953 | D:6      | Reached skill level 8 in Unarmed Combat
  4051 | D:6      | Noticed Pikel
  4111 | D:6      | Killed Pikel
  4112 | D:6      | Reached skill level 9 in Unarmed Combat
  4112 | D:6      | Reached XP level 9. HP: 89/93 MP: 8/8
  4362 | D:6      | Found a blossoming altar of Fedhas.
  4364 | D:6      | Found a stormy altar of Qazlal.
  4403 | D:6      | Noticed a two-headed ogre
  4410 | D:6      | Killed a two-headed ogre
  4411 | D:6      | Reached skill level 10 in Unarmed Combat
  4710 | D:7      | Reached **** piety under Trog
  4933 | D:7      | Found an opulent altar of Gozag.
  5000 | D:7      | Found an ornate altar of the Wu Jian Council.
  5446 | D:8      | Noticed Maurice
  5457 | D:8      | Killed Maurice
  5458 | D:8      | Reached XP level 10. HP: 105/107 MP: 9/9
  5617 | D:8      | Noticed Erica
  5633 | D:8      | Killed Erica
  5634 | D:8      | Reached skill level 11 in Unarmed Combat
  5759 | D:8      | Found a staircase to the Lair.
  5776 | D:8      | Noticed an elephant
  5789 | D:8      | Killed an elephant
  5912 | D:8      | Found a glowing golden altar of the Shining One.
  5914 | D:8      | Noticed an angel
  5919 | D:8      | Found a basalt altar of Yredelemnul.
  5921 | D:8      | Noticed a profane servitor
  6252 | D:9      | Reached skill level 10 in Fighting
  6275 | D:9      | Found a flagged portal.
  6287 | Bailey   | Entered a bailey
  6292 | Bailey   | Noticed an orc warlord
  6342 | Bailey   | Found a runed translucent gate.
  6342 | Bailey   | Found a runed translucent gate.
  6342 | Bailey   | Found a runed translucent gate.
  6393 | Bailey   | Reached skill level 12 in Unarmed Combat
  6695 | Bailey   | Mangled by an orc warlord

Illustrated notes

Levels and vault maps discovered:
D:1:      saegor_arrival_simple_e, layout_basic, chequers_serial_rivers_room_a,
          kennysheep_nondescript, minmay_hedge_maze, minmay_statues_item
D:2:      layout_basic, serial_shops, shop
D:3:      layout_loops_cross, hellmonk_ecumenical_altar_arch_garden,
          chequers_big_river, dk_noncrumbling_2
D:4:      layout_basic, serial_shops, shop_fountains
D:5:      layout_basic, mainiacjoe_overflow_tiny_flanked,
          minmay_temple_entry_offerings, dk_vineyard_2
D:6:      layout_basic, grunt_temple_overflow_forces_of_nature, uniq_pikel
D:7:      layout_loops_cross, mainiacjoe_overflow_catwalk,
          mainiacjoe_overflow_alcove_4
D:8:      layout_cave_pools, grunt_temple_overflow_holy_war, david_lair_generic,
          hex_tiny, uniq_maurice, uniq_erica
D:9:      layout_roguey, enter_bailey_2
Temple:   hellmonk_temple_divided_pantheon
Bailey:   bailey_axe_bossmonster_kennysheep, bailey

Skill      XL: |  1  2  3  4  5  6  7  8  9 10 |
---------------+-------------------------------+-----
Fighting       | 3 4 5 6 7 9 10 | 10.2
Unarmed Combat | 4 5 6 7 9 10 12 | 12.0
Throwing       | |  0.4
Dodging        | |  2.4
Shields        | |  0.3

Action                   |  1- 3 |  4- 6 |  7- 9 | 10-12 || total
-------------------------+-------+-------+-------+-------++-------
Melee: Unarmed           |   115 |   122 |   186 |   163 ||   586
       Punch             |     1 |     4 |     9 |     2 ||    16
Throw: Large rock        |       |     3 |       |       ||     3
       Stone             |       |       |     5 |    11 ||    16
       Dart              |       |       |     8 |     1 ||     9
Invok: Berserk           |       |     3 |     3 |     1 ||     7
       Trog's Hand       |       |       |     1 |     1 ||     2
       Brothers in Arms  |       |       |       |     1 ||     1
Evoke: Wand              |       |       |       |     1 ||     1
  Use: Scroll            |       |       |    11 |     3 ||    14
       Potion            |       |       |       |     4 ||     4
 Stab: Sleeping          |     1 |       |       |       ||     1
Armor: Animal skin       |     4 |       |       |       ||     4
       Robe              |    34 |    32 |    27 |    98 ||   191
Dodge: Dodged            |    54 |    34 |    75 |    85 ||   248
Block: Other             |       |    15 |    30 |    49 ||    94
       Reflection        |       |       |     1 |     4 ||     5
